 Dungeon Crawl Stone Soup version 0.30.1-4-g462c640d31 (webtiles) character file.

Game seed: 17461951941610771774

36 Zeor the Trooper (level 3, -2/33 HPs)
             Began as a Draconian Monk on Sept 5, 2023.
             Frozen to death by an endoplasm (3 damage)
             ... on level 2 of the Dungeon.
             The game lasted 00:01:55 (1084 turns).

Zeor the Trooper (Draconian Monk)                   Turns: 1084, Time: 00:01:56

Health: -2/33      AC:  5    Str: 13    XL:     3   Next: 19%
Magic:  3/3        EV: 10    Int: 10    God:
Gold:   108        SH:  0    Dex: 15    Spells: 2/2 levels left

rFire   . . .        a - +0 falchion
rCold   . . .        c - orb {light}
rNeg    . . .        (body armour unavailable)
rPois   .            (helmet restricted)
rElec   .            (no cloak)
rCorr   .            (no gloves)
SInv    .            (no boots)
Will    .....        (no amulet)
Stlth   +            (no ring)
HPRegen 0.25/turn    (no ring)
MPRegen 0.08/turn

%: no passive effects
@: attractive, slowed, glowing, constricted, very slow
A: AC +5, unfitting armour, cold-blooded
a: no special abilities


You were on level 2 of the Dungeon.
You visited 1 branch of the dungeon, and saw 2 of its levels.

You collected 108 gold pieces.

Inventory:

Hand Weapons
 a - a +0 falchion (weapon)
 e - a +0 sling of freezing
Missiles
 j - 4 curare-tipped darts (quivered)
Armour
 c - an orb of light (worn)
Scrolls
 f - a scroll of enchant armour {unknown}
 h - a scroll of immolation {unknown}
 i - a scroll of vulnerability {unknown}
 k - a scroll of amnesia {unknown}


   Skills:
 + Level 3.7 Fighting
 * Level 3.6 Long Blades
 + Level 3.1 Dodging


You had 2 spell levels left.
You didn't know any spells.
Your spell library contained the following spells:

 Spells                   Type           Power      Damage    Failure   Level
 Slow                     Hex            0%         N/A       36%         1
 Confusing Touch          Hex            0%         N/A       75%         3
 Vampiric Draining        Necr           0%         2d6       75%         3


Dungeon Overview and Level Annotations

Branches:
Dungeon (2/15)

Altars:

Annotations:
D:2 Terence


Innate Abilities, Weirdness & Mutations

Your plain brown scales are hard. (AC +5)
You cannot fit into any form of body armour.
You are cold-blooded and may be slowed by cold attacks.


Message History

The ball python bites you but does no damage.
The ball python misses you.
Terence hits you with a +1 vampiric hand axe!
Terence draws strength from your wounds!
The endoplasm barely misses you.
You hit Terence but do no damage. The ball python misses you. x2
The endoplasm freezes you.
You are frozen.
You feel as though you will be slow longer.
Terence hits you with a +1 vampiric hand axe.
* * * LOW HITPOINT WARNING * * *
The ball python closely misses you. The ball python completely misses you.
You hit Terence. You tail-slap Terence.
Terence is moderately wounded.
Terence hits you with a +1 vampiric hand axe.
* * * LOW HITPOINT WARNING * * *
Terence draws strength from your wounds!
The endoplasm closely misses you. The ball python closely misses you.
The ball python barely misses you. Terence barely misses you.
The endoplasm closely misses you. The ball python barely misses you. x2
You hit Terence but do no damage. You tail-slap Terence.
Terence is heavily wounded.
The ball python bites you but does no damage.
The ball python grabs you. The ball python constricts you.
Terence hits you but does no damage. The endoplasm freezes you.
You are frozen.
* * * LOW HITPOINT WARNING * * *
The ball python bites you but does no damage.
The ball python constricts you.
* * * LOW HITPOINT WARNING * * *
Terence completely misses you. The endoplasm closely misses you.
Unknown command.
You hit Terence.
Terence is heavily wounded.
The ball python misses you. The ball python constricts you.
* * * LOW HITPOINT WARNING * * *
The endoplasm freezes you.
You are frozen.
You die...

▒∙▒∙▒▒▒▒▒∙∙
▒∙∙∙∙∙∙∙∙∙∙
▒▒▒▒▒∙∙∙∙∙∙∙∙∙
▒∙∙∙∙∙∙∙∙∙∙)∙∙
▒∙∙∙∙∙∙▒▒▒▒▒∙∙
▒∙∙$∙∙∙▒ ∙
▒∙∙∙∙∙∙▒
▒∙∙∙∙∙∙▒
▒∙dJ)∙∙▒
▒∙S@∙∙∙∙∙∙∙
▒▒∙▒∙▒∙▒∙∙∙


∙∙∙∙∙∙∙∙∙∙ ▒▒∙▒∙▒∙▒∙∙∙ ∙∙∙∙∙∙∙∙∙∙ ▒∙▒∙▒ ▒∙∙∙ ∙∙∙∙∙ ▒∙ You could see Terence, an
endoplasm and a ball python.

Vanquished Creatures
  An adder (D:2)
  A dart slug (D:2)
  2 giant cockroaches (D:2)
  3 goblins (D:1)
  2 hobgoblins (D:1)
  4 jackals (D:1)
  3 ball pythons (D:1)
  A frilled lizard (D:2)
  4 kobolds
  2 rats (D:1)
23 creatures vanquished.

Notes
Turn   | Place    | Note
-------+----------+-------------------------------------------
     0 | D:1      | Zeor the Draconian Monk began the quest for the Orb.
     0 | D:1      | Reached XP level 1. HP: 19/19 MP: 1/1
   450 | D:1      | Reached XP level 2. HP: 23/26 MP: 2/2
  1061 | D:2      | Reached XP level 3. HP: 29/33 MP: 3/3
  1065 | D:2      | Noticed Terence
  1083 | D:2      | HP: 1/33 [constriction (1)]
  1084 | D:2      | Frozen to death by an endoplasm

Illustrated notes

Levels and vault maps discovered:
D:1:      ebering_trefoil_3fold, layout_basic
D:2:      layout_basic, st_stairs_12, due_unseen_surprise, uniq_terence

Skill      XL: |  1  2 |
---------------+-------+-----
Dodging        | 3 |  3.1
Fighting       | |  3.7
Long Blades    | |  3.6

Action                     || total
---------------------------++-------
  Melee: Falchion          ||    67
         Tailslap          ||    10
    Use: Potion            ||     3
 Armour: Skin              ||    25
  Dodge: Dodged            ||    66
